 Dungeon Crawl Stone Soup version 0.28.0-53-g5a82cb258f (webtiles) character file.

Game seed: 11989945859322722676

430 firemarshallily the Covert (level 6, 0/58 HPs)
             Began as a Naga Monk on June 16, 2022.
             Was a Believer of Dithmenos.
             Slain by an orc wizard
             ... wielding a +0 dagger
              (4 damage)
             ... on level 5 of the Dungeon.
             The game lasted 00:13:04 (4046 turns).

firemarshallily the Covert (Naga Monk)              Turns: 4046, Time: 00:13:05

Health: 0/58       AC:  4    Str: 11    XL:     6   Next: 99%
Magic:  6/6        EV: 10    Int:  8    God:    Dithmenos [**....]
Gold:   219        SH:  0    Dex: 16    Spells: 5/5 levels left

rFire   + . .      SeeInvis +   a - +1 short sword
rCold   . . .      Faith    .   (no shield)
rNeg    . . .      Spirit   .   b - +1 robe
rPois   +          Reflect  .   i - +0 hat
rElec   .          Harm     .   (no cloak)
rCorr   .          Rampage  .   (no gloves)
Will    .....      Clarity  +   (no barding)
Stlth   +++++.....              (no amulet)
HPRegen 0.19/turn               (no ring)
MPRegen 0.10/turn               (no ring)

@: short of breath, hasted, wreathed by umbra, quick
A: AC +2, large, see invisible, deformed body, poison resistance, slowness 2,
spit poison 1, naga tail 1, clarity, dopey 1, fire resistance 1, weak 1
a: Spit Poison, Renounce Religion, Shadow Step


You were on level 5 of the Dungeon.
You worshipped Dithmenos.
Dithmenos was pleased with you.
You visited 1 branch of the dungeon, and saw 5 of its levels.

You collected 241 gold pieces.
You spent 22 gold pieces at shops.

Inventory:

Hand Weapons
 a - a +1 short sword (weapon)
Missiles
 f - 73 stones
 g - 5 poisoned darts
 o - 6 boomerangs
Armour
 b - a +1 robe (worn)
 i - a +0 hat (worn)
Jewellery
 j - a ring of fire
Wands
 e - a wand of digging (2)
 m - a wand of iceblast (6)
Scrolls
 k - a scroll of immolation
 l - a scroll of teleportation
Potions
 d - 2 potions of attraction


   Skills:
 + Level 4.5 Fighting
 + Level 4.5 Short Blades
 - Level 2.4 Dodging
 * Level 8.2 Stealth


You had 5 spell levels left.
You didn't know any spells.
Your spell library contained the following spells:

 Spells                   Type           Power      Damage    Failure   Level
 Ignite Poison            Fire/Tmut/Pois 0%         N/A       78%         3
 Mephitic Cloud           Conj/Pois/Air  0%         N/A       78%         3
 Summon Guardian Golem    Hex/Summ       0%         N/A       78%         3
 Freezing Cloud           Conj/Ice/Air   0%         6-21      100%        5
 Orb of Destruction       Conj           0%         9d5       100%        7
 Spellforged Servitor     Conj/Summ      0%         N/A       100%        7


Dungeon Overview and Level Annotations

Branches:
Dungeon (5/15)
 Temple: D:4-7

Altars:
Ashenzari
Dithmenos
The Shining One

Shops:
D:1 (   D:2 ?


Innate Abilities, Weirdness & Mutations

Your serpentine skin is tough. (AC +2)
You have supernaturally acute eyesight. (SInv)
Armour fits poorly on your strangely shaped body.
Your system is resistant to poisons. (rPois)
You cover ground very slowly.
You can spit poison.
You have a snake-like lower body.
You possess an exceptional clarity of mind.
You are dopey. (Int -2)
Your flesh is heat resistant. (rF+)
You are weak. (Str -2)


Message History

The puff of flame hits you.
* * * LOW HITPOINT WARNING * * *
The orc hits you with a +0 flail.
* * * LOW HITPOINT WARNING * * *
You feel better.
You have got your breath back.
The orc closely misses you.
The orc wizard hits you but does no damage.
The orc barely misses you.
Okay, then.
You hit the orc wizard.
The orc wizard is lightly wounded.
The orc misses you. The orc hits you with a +0 flail.
* * * LOW HITPOINT WARNING * * *
Aiming: Spit Poison (1% risk of failure)
Press: ? - help, Q - select action, (/) - cycle Shift-Dir - straight line, f - orc
Aim: an orc, wielding a +0 war axe (umbra, 59% to hit)
The splash of poison hits the orc!
You kill the orc!
Dithmenos accepts your kill. The orc wizard completely misses you.
The orc hits you with a +0 flail!
* * * LOW HITPOINT WARNING * * *
It was a potion of mutation.
You feel extremely strange.
You feel stupid.
Your thoughts seem clearer.
You feel weaker.
You feel resistant to heat. The orc closely misses you.
The orc wizard barely misses you. The orc barely misses you.
You hit the orc wizard.
The orc wizard is moderately wounded.
The orc hits you with a +0 flail.
* * * LOW HITPOINT WARNING * * *
You hit the orc wizard.
The orc wizard is severely wounded.
The orc wizard gestures at you while chanting.
You easily resist.
The orc hits you but does no damage.
You closely miss the orc wizard.
The orc wizard is severely wounded.
The orc barely misses you.
The orc wizard hits you with a +0 dagger.
You die...

#.. #.. #...
#... #....
#....#########
#....).......+
#.....oo.....#
#.....o@....##
#.....)..)..#
#....[......##
#............#
#............#
#.........†..#
#.......[....#
#....##......#
#....##......#


You could see an orc wizard (invisible) and 2 orcs.

Vanquished Creatures
  An ogre (D:4)
  A scorpion (D:4)
  A howler monkey (D:4)
  An orc priest (D:3)
  2 hounds
  An orc wizard (D:4)
  4 adders
  2 worms
  A dart slug (D:1)
  10 orcs
  11 ball pythons
  5 endoplasms
  3 giant cockroaches
  8 goblins
  6 hobgoblins
  6 quokkas
  7 bats
  7 frilled lizards
  3 kobolds
  5 rats
85 creatures vanquished.

Notes
Turn   | Place    | Note
-------+----------+-------------------------------------------
     0 | D:1      | firemarshallily the Naga Monk began the quest for the Orb.
     0 | D:1      | Reached XP level 1. HP: 21/21 MP: 1/1
   139 | D:1      | Reached XP level 2. HP: 28/28 MP: 2/2
   244 | D:1      | Found Buiwk's Weapon Emporium.
   279 | D:1      | Reached skill level 4 in Stealth
   693 | D:1      | Found a faded altar of an unknown god.
   752 | D:1      | Reached XP level 3. HP: 34/34 MP: 3/3
  1185 | D:2      | Found Ufitahig's Magic Scroll Boutique.
  1195 | D:2      | Bought a scroll of identify for 22 gold pieces
  1737 | D:2      | Reached skill level 5 in Stealth
  1777 | D:3      | Reached XP level 4. HP: 16/42 MP: 4/4
  2036 | D:3      | Found a broken altar of Ashenzari.
  2244 | D:3      | Found a shadowy altar of Dithmenos.
  2249 | D:3      | Became a worshipper of Dithmenos the Shadowed
  2249 | D:3      | Reached * piety under Dithmenos
  2249 | D:3      | Reached ** piety under Dithmenos
  2339 | D:3      | Reached skill level 6 in Stealth
  2339 | D:3      | Reached XP level 5. HP: 50/50 MP: 5/5
  2412 | D:3      | Found a glowing golden altar of the Shining One.
  3380 | D:4      | Reached skill level 7 in Stealth
  3380 | D:4      | Reached XP level 6. HP: 21/57 MP: 6/6
  3684 | D:4      | Reached skill level 8 in Stealth
  4005 | D:5      | Entered Level 5 of the Dungeon
  4043 | D:5      | Gained mutation: You are dopey. (Int -2) [potion of
                  | mutation]
  4043 | D:5      | Gained mutation: You possess an exceptional clarity of
                  | mind. [potion of mutation]
  4043 | D:5      | Gained mutation: You are weak. (Str -2) [potion of
                  | mutation]
  4043 | D:5      | Gained mutation: Your flesh is heat resistant. (rF+)
                  | [potion of mutation]
  4046 | D:5      | Slain by an orc wizard

Illustrated notes

Levels and vault maps discovered:
D:1:      roderic_dead_forest, layout_loops_ring, serial_shops,
          nicolae_shop_bloodbath_and_beyond,
          dreamdust_ecumenical_altar_hidden_monk_grotto
D:2:      layout_loops_ring, serial_shops, shop_scrolls, minmay_unequal
D:3:      layout_rooms, ashenzari_altar_1, nicolae_tso_carved_into_rock,
          mainiacjoe_overflow_24_doors, serial_glass, glass_columns_c,
          glass_columns_a
D:4:      minmay_inner_zag, layout_loops_cross
D:5:      layout_gridville, mainiacjoe_overflow_six_doors_small,
          kennysheep_slug_shrine, minmay_temple_entry_poolview

Skill      XL: |  1  2  3  4  5  6 |
---------------+-------------------+-----
Stealth        | 4 5 6 7 8 |  8.2
Fighting       | 4 |  4.5
Short Blades   | 4 |  4.5
Dodging        | |  2.4

Action                   |  1- 3 |  4- 6 || total
-------------------------+-------+-------++-------
Melee: Short sword       |    69 |   121 ||   190
       Punch             |     1 |     2 ||     3
 Abil: Spit Poison       |    34 |    30 ||    64
  Use: Scroll            |     4 |     5 ||     9
       Potion            |       |     3 ||     3
 Stab: Sleeping          |     1 |     4 ||     5
Armor: Robe              |    12 |    20 ||    32
Dodge: Dodged            |    37 |    80 ||   117
